 Dungeon Crawl Stone Soup version 0.28-a0-664-gc179e30c89 (webtiles) character file.

Game seed: 9484052920297869359

1515 Irenicus the Geomancer (level 8, 0/68 HPs)
             Began as a Deep Dwarf Earth Elementalist on Oct 15, 2021.
             Was a Believer of Makhleb.
             Killed by divine providence
             ... invoked by an orc priest
              (9 damage)
             ... on level 7 of the Dungeon.
             The game lasted 00:23:50 (3792 turns).

Irenicus the Geomancer (DDEE)                       Turns: 3792, Time: 00:23:51

Health: 0/68       AC:  5    Str: 12    XL:     8   Next: 53%
Magic:  10/12      EV: 12    Int: 25    God:    Makhleb [**....]
Gold:   340        SH:  0    Dex: 13    Spells: 7/13 levels left

rFire   . . .      SeeInvis +   t - +8 dagger "Weares" {vorpal, *Noise Int+7}
rCold   + . .      Faith    .   (no shield)
rNeg    . . .      Spirit   .   i - +1 leather armour
rPois   .          Reflect  .   (no helmet)
rElec   .          Harm     .   k - +0 cloak
rCorr   .          Rampage  .   (no gloves)
Will    +....      Clarity  +   (no boots)
Stlth   ++........              u - amulet of magic regeneration
HPRegen 0.00/turn               v - ring of see invisible
MPRegen 0.38/turn               (no ring)

@: mighty, on berserk cooldown, very slightly contaminated, slowed, invisible
(expiring), very slow
A: damage resistance, heal wounds, sense surroundings 1, no regeneration,
clarity, cold resistance 1
a: Heal Wounds, Renounce Religion, Minor Destruction


You were on level 7 of the Dungeon.
You worshipped Makhleb.
Makhleb was pleased with you.
You visited 2 branches of the dungeon, and saw 8 of its levels.
You also visited: Ossuary.

You collected 501 gold pieces.
You spent 161 gold pieces at shops.


Innate Abilities, Weirdness & Mutations

You are resistant to damage.
You can heal yourself by infusing magical energy.
You passively map a small area around you.
You do not regenerate.
You possess an exceptional clarity of mind.
Your flesh is cold resistant. (rC+)


   Skills:
 + Level 2.5 Fighting
 - Level 2.1 Short Blades
 - Level 2.1 Dodging
 - Level 2.4 Stealth
 - Level 3.0 Spellcasting
 - Level 0.8 Transmutations
 + Level 12.7 Earth Magic


You had 7 spell levels left.
You knew the following spells:

 Your Spells              Type           Power      Damage    Failure   Level
t - Stone Arrow           Conj/Erth      70%        3d11      2%          3
w - Passwall              Tmut/Erth      30%        N/A       1%          2
z - Sandblast             Erth           100%       2d20      1%          1

Your spell library contained the following spells:

 Spells                   Type           Power      Damage    Failure   Level
 Petrify                  Tmut/Erth      37%        N/A       8%          4
 Wereblood                Tmut           8%         N/A       14%         2
 Corpse Rot               Necr/Air       N/A        N/A       19%         2
 Ensorcelled Hibernation  Hex/Ice        6%         N/A       19%         2
 Poisonous Vapours        Pois/Air       6%         N/A       19%         2
 Sublimation of Blood     Necr           1%         N/A       19%         2
 Ignite Poison            Fire/Tmut/Pois 5%         N/A       34%         3
 Gell's Gravitas          Tloc           1%         N/A       36%         3
 Lesser Beckoning         Tloc           3%         N/A       36%         3
 Mephitic Cloud           Conj/Pois/Air  3%         N/A       36%         3
 Teleport Other           Tloc           3%         N/A       36%         3
 Tukima's Dance           Hex            3%         N/A       36%         3
 Freezing Cloud           Conj/Ice/Air   1%         6-21      98%         5
 Summon Hydra             Summ           1%         N/A       100%        7

Inventory:

Hand Weapons
 t - the +8 dagger "Weares" (weapon) {vorpal, *Noise Int+7}
   (You bought it in a shop on level 6 of the Dungeon)

   It inflicts extra damage upon your enemies.
   Int:       It affects your intelligence (+7).
   *Noise:    It may make noises in combat.
Missiles
 c - 157 stones
 d - 3 curare-tipped darts {=f}
 r - 5 boomerangs of dispersal {=f}
Armour
 i - a +1 leather armour (worn)
 k - a +0 cloak (worn)
 s - a scarf of shadows
Jewellery
 l - an amulet of reflection
 u - an amulet of magic regeneration (around neck)
 v - a ring of see invisible (left hand)
Wands
 q - a wand of flame (37)
Scrolls
 e - a scroll of enchant weapon
 f - a scroll of fog {unknown}
Potions
 j - 4 potions of mutation
 o - 2 potions of flight
 p - a potion of attraction
 z - 3 potions of might
Miscellaneous
 h - a condenser vane

Dungeon Overview and Level Annotations

Branches:
Dungeon (7/15)             Temple (1/1) D:5         Ossuary (visited)

Altars:
Ashenzari
Cheibriados
Dithmenos
Elyvilon
Gozag
Hepliaklqana
Kikubaaqudgha
Makhleb
Okawaru
Ru
Sif Muna
Uskayaw
Vehumet
Wu Jian
Xom

Shops:
D:6 (

Annotations:
D:3 3 runed translucent doors, tilp's ghost, amateur GnWz

#...## #..#####
##....### #......# .
##.......####......#
..##.........##..######
.................#
.................#
.............#)..##
..........#####...#
.........## ##@.#
........##*** *#o..#
......... ..>.# *
......... .......
.......... .........
.......... ,.......$....
.........#########......
, ..#### *


You could see an orc priest.


Message History

The orc priest is attracted toward you.
Casting: Sandblast (safe; 1% risk of failure)
Confirm with . or Enter, or press ? or * to list all spells.
Aiming: Sandblast (safe; 1% risk of failure)
Press: ? - help, Shift-Dir - straight line, f - orc priest
Aim: an orc priest, wielding a +2 hand axe of freezing and wearing a +0 ring mail (86% to hit)
The blast of sand misses the orc priest.
You flicker for a moment.
The orc priest looks braver for a moment.
The orc priest closely misses you.
Casting: Sandblast (safe; 1% risk of failure)
Confirm with . or Enter, or press ? or * to list all spells.
Aiming: Sandblast (safe; 1% risk of failure)
Press: ? - help, Shift-Dir - straight line, f/p - orc priest
Aim: an orc priest, wielding a +2 hand axe of freezing and wearing a +0 ring mail (86% to hit)
The blast of sand hits the orc priest!
The orc priest is heavily wounded.
The orc priest hits you with a +2 hand axe of freezing.
* * * LOW HITPOINT WARNING * * *
You feel less attractive to monsters.
Casting: Sandblast (safe; 1% risk of failure)
Confirm with . or Enter, or press ? or * to list all spells.
Aiming: Sandblast (safe; 1% risk of failure)
Press: ? - help, Shift-Dir - straight line, f/p - orc priest
Aim: an orc priest, wielding a +2 hand axe of freezing and wearing a +0 ring mail (heavily wounded, 86% to hit)
The blast of sand hits the orc priest.
The orc priest is almost dead.
The orc priest calls down the wrath of Beogh upon you.
Beogh smites you!
You die...

Skill      XL: |  1  2  3  4  5  6  7  8 |
---------------+-------------------------+-----
Earth Magic    | 5 6 7 9 10 11 12 | 12.7
Spellcasting   | 2 3 |  3.0
Short Blades   | 1 2 |  2.1
Fighting       | 2 |  2.5
Dodging        | |  2.1
Stealth        | |  2.4
Transmutations | |  0.8

Action                   |  1- 3 |  4- 6 |  7- 9 || total
-------------------------+-------+-------+-------++-------
Melee: Dagger            |    35 |    13 |    48 ||    96
 Cast: Sandblast         |    37 |    27 |    54 ||   118
       Passwall          |     1 |    15 |    12 ||    28
       Stone Arrow       |       |     3 |    21 ||    24
 Abil: Heal Wounds       |       |       |     1 ||     1
Evoke: Wand              |       |     4 |       ||     4
  Use: Scroll            |       |     5 |     5 ||    10
       Potion            |       |       |    11 ||    11
 Stab: Sleeping          |       |     2 |     2 ||     4
       Distracted        |       |     1 |     2 ||     3
       Invisible         |       |       |     1 ||     1
Armor: Robe              |     4 |       |       ||     4
       Leather armour    |     5 |     4 |    13 ||    22
Dodge: Dodged            |    35 |    11 |    28 ||    74
Block: Other             |       |       |     3 ||     3
       Reflection        |       |       |     3 ||     3

Levels and vault maps discovered:
D:1:      amcnicky_arrival_underground_garden, layout_loops_corners,
          hangedman_abyss_or_decor_lesser_grid, minmay_misc_feat_plants,
          minmay_misc_feat_diagonals
D:2:      layout_basic, basic_altar, shapermc_ecumenical_altar_acropolis
D:3:      layout_loops_ring, mainiacjoe_overflow_catwalk,
          gammafunk_ghost_necromancy
D:4:      layout_basic, hex_tiny
D:5:      layout_loops_ring, minmay_temple_entry_enclosed_plants, uniq_ijyb
D:6:      layout_basic, amcnicky_altar_gilded, serial_shops,
          nicolae_shop_overgrown_old_shop, chequers_ossuary_entry_cave,
          uniq_menkaure
D:7:      layout_layer_cave, enter_bailey_5, minmay_fractal_squares_gapless_5,
          uniq_pikel
Temple:   nicolae_temple_elliptical

Notes
Turn   | Place    | Note
-------+----------+-------------------------------------------
     0 | D:1      | Irenicus the Deep Dwarf Earth Elementalist began the quest
                  | for the Orb.
     0 | D:1      | Reached XP level 1. HP: 15/15 MP: 3/3
   116 | D:1      | Reached XP level 2. HP: 22/22 MP: 0/4
   232 | D:1      | Reached skill level 5 in Earth Magic
   724 | D:1      | Reached XP level 3. HP: 26/28 MP: 2/5
   818 | D:2      | Reached skill level 6 in Earth Magic
   873 | D:2      | Found a faded altar of an unknown god.
   990 | D:2      | Learned a level 2 spell: Passwall
  1097 | D:2      | Reached XP level 4. HP: 30/36 MP: 2/6
  1099 | D:2      | Found an ornate altar of the Wu Jian Council.
  1370 | D:4      | Noticed a phantom
  1374 | D:4      | Killed a phantom
  1375 | D:4      | Reached skill level 7 in Earth Magic
  1375 | D:4      | Reached XP level 5. HP: 34/42 MP: 1/7
  1510 | D:4      | Reached skill level 8 in Earth Magic
  1813 | D:5      | Entered Level 5 of the Dungeon
  1962 | D:5      | Learned a level 3 spell: Stone Arrow
  1965 | D:5      | Reached skill level 9 in Earth Magic
  1965 | D:5      | Reached XP level 6. HP: 19/49 MP: 4/8
  2134 | D:5      | Reached skill level 10 in Earth Magic
  2151 | D:5      | Noticed Ijyb
  2156 | D:5      | Killed Ijyb
  2175 | D:5      | Noticed an ice beast
  2184 | D:5      | Killed an ice beast
  2185 | D:5      | Reached XP level 7. HP: 6/55 MP: 0/9
  2214 | D:5      | Found a staircase to the Ecumenical Temple.
  2220 | Temple   | Entered the Ecumenical Temple
  2256 | Temple   | Became a worshipper of Makhleb the Destroyer
  2433 | D:3      | Reached skill level 11 in Earth Magic
  2480 | D:3      | Found an ancient bone altar of Kikubaaqudgha.
  2581 | D:3      | Found a runed translucent gate.
  2582 | D:3      | Found a runed translucent gate.
  2583 | D:3      | Found a runed translucent gate.
  2594 | D:3      | Noticed tilp's ghost (amateur GnWz)
  2925 | D:6      | HP: 5/55 [water moccasin skeleton (1)]
  2930 | D:6      | Found Pen Diann's Antique Weapon Shop.
  2938 | D:6      | Bought a pitted dagger for 161 gold pieces
  2938 | D:6      | Identified the +8 dagger "Weares" {vorpal, *Noise Int+7}
                  | (You bought it in a shop on level 6 of the Dungeon)
  2999 | D:6      | Found a white marble altar of Elyvilon.
  3095 | D:6      | Found a sand-covered staircase.
  3102 | Ossuary  | Entered an ossuary
  3113 | Ossuary  | Reached * piety under Makhleb
  3165 | Ossuary  | Reached skill level 2 in Spellcasting
  3271 | Ossuary  | Gained mutation: Your flesh is cold resistant. (rC+)
                  | [potion of mutation]
  3271 | Ossuary  | Gained mutation: You possess an exceptional clarity of
                  | mind. [potion of mutation]
  3284 | Ossuary  | Reached ** piety under Makhleb
  3370 | D:6      | Noticed Menkaure
  3376 | D:6      | Killed Menkaure
  3377 | D:6      | Reached skill level 1 in Short Blades
  3377 | D:6      | Reached XP level 8. HP: 34/62 MP: 4/11
  3397 | D:6      | Reached skill level 12 in Earth Magic
  3643 | D:7      | Noticed a hornet
  3646 | D:7      | Reached skill level 2 in Short Blades
  3646 | D:7      | Reached skill level 3 in Spellcasting
  3646 | D:7      | Paralysed by a hornet for 3 turns
  3648 | D:7      | HP: 2/62 [hornet (5)]
  3651 | D:7      | Paralysed by a hornet for 1 turns
  3652 | D:7      | Killed a hornet
  3653 | D:7      | Reached skill level 1 in Fighting
  3764 | D:7      | Reached skill level 2 in Fighting
  3766 | D:7      | HP: 3/67 [hornet zombie (5)]
  3792 | D:7      | Killed from afar by an orc priest

Vanquished Creatures
  A hornet (D:7)
  Menkaure (D:6)
  A water moccasin (D:7)
  An ice beast (D:5)
  A hornet zombie (D:7)
  A necrophage (D:5)
  A phantom (D:4)
  A scorpion (D:5)
  A water moccasin skeleton (D:6)
  2 centaur zombies
  2 hounds (D:5)
  2 human zombies (Ossuary)
  2 jellies
  An orc priest (D:6)
  Ijyb (D:5)
  2 orc wizards
  3 iguanas
  A killer bee zombie (D:6)
  2 mummies (Ossuary)
  3 gnolls (D:3)
  2 adders (D:2)
  2 shadow imps
  An ufetubus (D:6)
  3 dart slugs
  2 worms
  10 orcs
  2 endoplasms
  5 giant cockroaches
  12 goblins
  3 hobgoblins
  3 jackals (D:1)
  A quokka (D:1)
  9 ball pythons
  3 bats
  7 frilled lizards
  11 hobgoblin zombies (Ossuary)
  2 jackal zombies (Ossuary)
  5 kobolds
  10 kobold zombies (Ossuary)
  8 orc zombies (Ossuary)
  6 rats
  3 rat zombies (Ossuary)
140 creatures vanquished.

Vanquished Creatures (others)
  2 plants
2 creatures vanquished.

Grand Total: 142 creatures vanquished

Table legend: (Time is in decaauts)
 A = Elapsed time spent in this place.
 B = Non-inter-level travel time spent in this place.
 C = Inter-level travel time spent in this place.
 D = Time resting spent in this place.
 E = Time spent auto-exploring this place.
 F = Levels seen in this place.
 G = Mean time per level.
                   A        B        C        D        E       F      G
               +--------+--------+--------+--------+--------+-----+--------+
         Total |   3792 |   3655 |    137 |    100 |     99 |   9 |  421.3 |
       Dungeon |   3523 |   3386 |    137 |    100 |     99 |   7 |  503.3 |
        Temple |     59 |     59 |      0 |      0 |      0 |   1 |   59.0 |
       Ossuary |    208 |    208 |      0 |      0 |      0 |   1 |  208.0 |
               +--------+--------+--------+--------+--------+-----+--------+

Top non-repeatable levels by time:
     D:1: 798 daAuts
     D:4: 672 daAuts
     D:5: 514 daAuts
     D:3: 488 daAuts
     D:6: 385 daAuts
     D:2: 355 daAuts
     D:7: 308 daAuts
 Ossuary: 208 daAuts
  Temple: 59 daAuts

Table legend:
 A = Non-vault XP
 B = Vault XP
 C = Vault XP percentage of total XP
 D = Non-vault monster count
 E = Vault monster count
 F = Vault count percentage of total count
                 A         B        C        D         E       F
            +---------+---------+-------+---------+---------+-------
      Total |    1346 |     819 |  37.8 |      97 |      43 |  30.7
            +---------+---------+-------+---------+---------+-------
        D:1 |      44 |       0 |   0.0 |      25 |       0 |   0.0
        D:2 |      55 |       0 |   0.0 |      21 |       0 |   0.0
        D:3 |     110 |       0 |   0.0 |      17 |       0 |   0.0
        D:4 |     160 |       0 |   0.0 |      10 |       0 |   0.0
        D:5 |     549 |      36 |   6.2 |       9 |       1 |  10.0
        D:6 |     206 |     165 |  44.5 |      10 |       1 |   9.1
        D:7 |     222 |     416 |  65.2 |       5 |       2 |  28.6
    Ossuary |       0 |     202 | 100.0 |       0 |      39 | 100.0
            +---------+---------+-------+---------+---------+-------
